 Dungeon Crawl Stone Soup version 0.30-a0-365-ge7f957f1db (webtiles) character file.

Game seed: 17940918871170300279

211 mopl the Chopper (level 5, -1/41 HPs)
             Began as a Demonspawn Fighter on Nov 16, 2022.
             Slain by Natasha (7 damage)
             ... on level 3 of the Dungeon.
             The game lasted 00:02:29 (1506 turns).

mopl the Chopper (Demonspawn Fighter)               Turns: 1506, Time: 00:02:30

Health: -1/41      AC: 11    Str: 18    XL:     5   Next: 57%
Magic:  5/5        EV:  9    Int: 11    God:
Gold:   79         SH:  4    Dex: 13    Spells: 4/4 levels left

rFire   + . .      SeeInvis .    a - +0 war axe
rCold   + . .      Faith    .    c - +0 buckler
rNeg    . . .      Spirit   .    b - +0 scale mail
rPois   .          Reflect  .    (helmet restricted)
rElec   .          Harm     .    q - scarf {rC+ rF+}
rCorr   .          Rampage  .    x - +0 pair of gloves
Will    .....                    (no boots)
Stlth   ..........               (no amulet)
HPRegen 0.26/turn                v - +4 ring of protection
MPRegen 0.09/turn                (no ring)

@: mighty
A: horns 1, big brain 1
a: no special abilities


You were on level 3 of the Dungeon.
You visited 1 branch of the dungeon, and saw 3 of its levels.

You collected 79 gold pieces.

Inventory:

Hand Weapons
 a - a +0 war axe (weapon)
Missiles
 u - 7 poisoned darts (quivered)
Armour
 b - a +0 scale mail (worn)
 c - a +0 buckler (worn)
 q - a scarf of resistance (worn)
 x - a +0 pair of gloves (worn)
Magical Staves
 s - a staff of death
Jewellery
 v - a +4 ring of protection (left hand)
 w - a ring of fire
Wands
 t - a wand of flame (24)
Scrolls
 e - a scroll of silence {unknown}
 f - a scroll of amnesia {unknown}
 g - 2 scrolls of blinking {unknown}
 h - 2 scrolls of immolation {unknown}
 i - 2 scrolls of teleportation {unknown}
 j - a scroll of noise {unknown}
 m - a scroll of magic mapping {unknown}
 n - 2 scrolls of identify {unknown}
 p - a scroll of fear {unknown}
Potions
 d - 2 potions of might
 k - a potion of degeneration {unknown}
 l - a potion of mutation {unknown}
 o - a potion of curing
 r - a potion of flight {unknown}


   Skills:
 - Level 3.0 Fighting
 + Level 5.4 Axes
 - Level 2.6 Armour
 - Level 2.6 Shields


You had 4 spell levels left.
You didn't know any spells.
Your spell library contained the following spells:

 Spells                   Type           Power      Damage    Failure   Level
 Necrotise                Necr           0%         1d4       83%         1
 Vampiric Draining        Necr           0%         2d6       99%         3
 Agony                    Necr           0%         N/A       100%        5


Dungeon Overview and Level Annotations

Branches:
Dungeon (3/15)

Altars:
Trog

Shops:
D:1 ((=

Annotations:
D:3 Natasha


Innate Abilities, Weirdness & Mutations

You have a pair of small horns on your head.
You have an unusually large brain. (Int +2)


Message History

You closely miss Natasha.
Natasha is lightly wounded.
You slash the shadow imp!
You kill the shadow imp!
The shadow imp disappears in a puff of smoke!
Natasha claws you.
* * * LOW HITPOINT WARNING * * *
The crimson imp misses you.
Unknown command.
You hit Natasha. Your headbutt misses Natasha.
Natasha is moderately wounded.
You barely miss the crimson imp. Natasha closely misses you.
The crimson imp completely misses you.
Unknown command.
You closely miss Natasha.
Natasha is moderately wounded.
You hit the crimson imp.
Natasha mumbles some strange words.
The crimson imp hits you.
* * * LOW HITPOINT WARNING * * *
Natasha claws you.
* * * LOW HITPOINT WARNING * * *
Okay, then.
You feel very mighty all of a sudden. The crimson imp closely misses you.
Natasha completely misses you.
Unknown command.
You closely miss Natasha.
Natasha is moderately wounded.
You slash the shadow imp! You barely miss the crimson imp.
The crimson imp hits you but does no damage.
Natasha mewls in sadness.
You block Natasha's attack. The shadow imp barely misses you.
Unknown command.
You hit Natasha. Your headbutt misses Natasha.
Natasha is moderately wounded.
You barely miss the shadow imp. You slash the crimson imp!
The crimson imp blinks!
The shadow imp gestures at you.
You barely resist. Natasha claws you!
You die...

#........# #........#
#........# #........#
#.####........# #
#.............#
.....####.........#
.....####....##...#####
......ยง@5..............
####..#h..........###..
##.............###.#
#.#...............##
#.###5......)####... #
#...##...###.###
........).....#
.#.###...##...# .
#...##...##


You could see Natasha, a crimson imp (summoned) and a shadow imp (summoned).

Vanquished Creatures
  Jessica (D:2)
  Ijyb (D:3)
  Terence (D:2)
  3 adders
  3 gnolls (D:3)
  2 dart slugs (D:1)
  2 worms (D:1)
  4 orcs (D:3)
  6 ball pythons
  7 endoplasms
  3 giant cockroaches
  7 goblins
  6 hobgoblins
  3 kobolds
  3 quokkas
  7 bats
  3 frilled lizards
  4 rats
66 creatures vanquished.

Notes
Turn   | Place    | Note
-------+----------+-------------------------------------------
     0 | D:1      | mopl the Demonspawn Fighter began the quest for the Orb.
     0 | D:1      | Reached XP level 1. HP: 18/18 MP: 1/1
    43 | D:1      | Reached skill level 2 in Axes
    65 | D:1      | Found Jiluuq's Antique Weapon Shoppe.
    72 | D:1      | Gained mutation: You have an unusually large brain. (Int
                  | +2) [demonic ancestry]
    72 | D:1      | Reached XP level 2. HP: 24/24 MP: 2/2
   118 | D:1      | Found Uhuciek's Jewellery Boutique.
   153 | D:1      | You fall into a shaft and drop 1 floor!
   277 | D:2      | Reached skill level 3 in Axes
   471 | D:1      | Reached XP level 3. HP: 28/29 MP: 3/3
   601 | D:1      | Found Zeretaam's Antique Weapon Shop.
   758 | D:1      | Found a faded altar of an unknown god.
  1017 | D:2      | Reached skill level 4 in Axes
  1017 | D:2      | Gained mutation: You have a pair of small horns on your
                  | head. [demonic ancestry]
  1017 | D:2      | Reached XP level 4. HP: 31/35 MP: 4/4
  1059 | D:2      | Noticed Terence
  1070 | D:2      | Killed Terence
  1128 | D:2      | Noticed Jessica
  1135 | D:2      | Killed Jessica
  1279 | D:3      | Noticed Ijyb
  1292 | D:3      | Killed Ijyb
  1293 | D:3      | Reached XP level 5. HP: 31/41 MP: 5/5
  1301 | D:3      | Reached skill level 5 in Axes
  1354 | D:3      | Found a bloodstained altar of Trog.
  1488 | D:3      | Noticed Natasha
  1506 | D:3      | Slain by Natasha

Illustrated notes

Levels and vault maps discovered:
D:1:      nzn_arrival_water_spiral, layout_rooms, serial_shops, shop,
          nicolae_diamond_shop, nicolae_shop_statue_plus,
          shapermc_ecumenical_altar_mp_vishouse, nicolae_wormholes
D:2:      layout_loops_ring, grunt_decor_clamped, uniq_terence, uniq_jessica
D:3:      layout_loops_ring, trog_butcher_becter, chei_slow_surprise,
          chequers_garden, uniq_ijyb, uniq_natasha

Skill      XL: |  1  2  3  4  5 |
---------------+----------------+-----
Axes           | 2 3 4 5 |  5.4
Fighting       | |  3.0
Armour         | |  2.6
Shields        | |  2.6

Action                   |  1- 3 |  4- 6 || total
-------------------------+-------+-------++-------
Melee: War axe           |   100 |    99 ||   199
       Headbutt          |       |    18 ||    18
  Use: Potion            |       |     1 ||     1
Armor: Scale mail        |    60 |    49 ||   109
Dodge: Dodged            |    41 |    48 ||    89
Block: Buckler           |    20 |    13 ||    33

Table legend: (Time is in decaauts)
 A = Elapsed time spent in this place.
 B = Non-inter-level travel time spent in this place.
 C = Inter-level travel time spent in this place.
 D = Time resting spent in this place.
 E = Time spent auto-exploring this place.
 F = Levels seen in this place.
 G = Mean time per level.
                   A        B        C        D        E       F      G
               +--------+--------+--------+--------+--------+-----+--------+
         Total |   1579 |   1538 |     41 |      0 |   1074 |   3 |  526.3 |
       Dungeon |   1579 |   1538 |     41 |      0 |   1074 |   3 |  526.3 |
               +--------+--------+--------+--------+--------+-----+--------+

Top non-repeatable levels by time:
     D:2: 736 daAuts
     D:1: 525 daAuts
     D:3: 317 daAuts
